 Dungeon Crawl Stone Soup version 0.30-a0-639-g3916f1956a (webtiles) character file.

Game seed: 9046283210553369827

6420 Newt the Spear-Bearer (level 10, -3/76 HPs)
             Began as a Demonspawn Gladiator on Jan 15, 2023.
             Was an Initiate of Yredelemnul.
             Killed from afar by a smoke demon (4 damage)
             ... with a ball of steam
             ... on level 2 of the Abyss.
             The game lasted 00:11:45 (8021 turns).

Newt the Spear-Bearer (Demonspawn Gladiator)        Turns: 8021, Time: 00:11:45

Health: -3/76      AC: 12    Str: 22    XL:     10   Next: 66%
Magic:  13/13      EV: 16    Int: 17    God:    Yredelemnul [......]
Gold:   1380       SH:  6    Dex: 12    Spells: 9/9 levels left

rFire   + + .      SeeInvis .    q - +0 spear
rCold   . . .      Faith    .    f - +1 buckler of Muttered Phrases {Harm *Slow Slay+5}
rNeg    . . .      Spirit   .    L - +1 leather armour of Fortification {rF++ rCorr Str+4 Dex-4}
rPois   .          Reflect  .    K - +1 hat
rElec   .          Harm     +    k - +2 cloak
rCorr   +          Rampage  .    m - +1 pair of gloves "Geilol" {Contam Harm Will+ Stlth+}
Will    +....                    (no boots)
Stlth   ++++                     (no amulet)
HPRegen 0.32/turn                y - +6 ring of intelligence
MPRegen 0.13/turn                G - +4 ring of slaying

@: mighty, agile
A: claws 2, icy blue scales 1, powered by pain 1, demonic magic 1, antennae 1,
thin skeletal structure 1, screaming 1
a: Renounce Religion, Recall Undead Harvest


You were on level 2 of the Abyss.
You worshipped Yredelemnul.
Yredelemnul was noncommittal.
You visited 2 branches of the dungeon, and saw 9 of its levels.
You visited the Abyss 1 time.
You also visited: Ossuary.

You collected 1380 gold pieces.

Inventory:

Hand Weapons
 a - a +0 rapier
 q - a +0 spear (weapon)
 I - a +3 halberd of freezing
Missiles
 d - 2 throwing nets (quivered)
 e - a javelin
 n - 17 boomerangs
Armour
 b - a +0 leather armour
 c - a +0 helmet
 f - the +1 buckler of Muttered Phrases (worn) {Harm *Slow Slay+5}
   (You acquired it on level 2 of the Dungeon)

   Slay:      It affects your accuracy & damage with ranged weapons and melee
   (+5).
   *Slow:     It may slow you when you take damage.
   Harm:      It increases damage dealt and taken.
 k - a +2 cloak (worn)
 m - the +1 pair of gloves "Geilol" (worn) {Contam Harm Will+ Stlth+}
   (You found it on level 7 of the Dungeon)

   Contam:    It causes magical contamination when unequipped.
   Harm:      It increases damage dealt and taken.
   Will:      It increases your willpower.
   Stlth:     It makes you more stealthy.
 K - a +1 hat (worn)
 L - the +1 leather armour of Fortification (worn) {rF++ rCorr Str+4 Dex-4}
   (You took it off an orc on level 8 of the Dungeon)

   Str:       It affects your strength (+4).
   Dex:       It affects your dexterity (-4).
   rF:        It greatly protects you from fire.
   rCorr:     It protects you from acid and corrosion.
Jewellery
 y - a +6 ring of intelligence (left hand)
 G - a +4 ring of slaying (right hand)
Wands
 g - a wand of polymorph (7)
 B - a wand of roots (8)
 E - a wand of charming (9)
 J - a wand of flame (17)
Scrolls
 h - a scroll of silence
 j - a scroll of magic mapping
 l - 3 scrolls of teleportation
 o - 2 scrolls of enchant weapon
 r - a scroll of blinking
 z - 2 scrolls of fog
 A - a scroll of immolation {unknown}
 D - a scroll of vulnerability {unknown}
 H - a scroll of poison {unknown}
 M - a scroll of brand weapon {unknown}
Potions
 s - a potion of attraction
 t - a potion of resistance
 u - a potion of ambrosia {unknown}
 v - a potion of might {unknown}
 w - a potion of heal wounds {unknown}
 x - 3 potions of brilliance {unknown}
 C - 2 potions of cancellation
 N - 3 potions of lignification


   Skills:
 - Level 6.0 Fighting
 - Level 2.6 Short Blades
 + Level 13.4 Polearms
 - Level 4.0 Throwing
 - Level 4.0 Armour
 - Level 2.6 Dodging
 - Level 3.0 Stealth
 - Level 4.0 Shields
 - Level 5.0 Invocations
 - Level 4.0 Evocations


You had 9 spell levels left.
You didn't know any spells.
Your spell library contained the following spells:

 Spells                   Type           Power      Damage    Failure   Level
 Freeze                   Ice            0%         1d3       34%         1
 Slow                     Hex            0%         N/A       34%         1
 Sting                    Tmut/Pois      0%         1d3       34%         1
 Blink                    Tloc           0%         N/A       47%         2
 Lesser Beckoning         Tloc           0%         N/A       47%         2
 Momentum Strike          Conj/Tloc      0%         3d8       47%         2
 Poisonous Vapours        Pois/Air       0%         N/A       47%         2
 Confusing Touch          Hex            0%         N/A       71%         3
 Frozen Ramparts          Ice            0%         1d1       71%         3
 Hailstorm                Conj/Ice       0%         3d3       71%         3
 Vampiric Draining        Necr           0%         2d6       71%         3
 Manifold Assault         Tloc           0%         N/A       98%         4
 Olgreb's Toxic Radiance  Pois           0%         N/A       98%         4
 Haunt                    Necr/Summ      0%         N/A       100%        7
 Storm Form               Tmut/Air       0%         N/A       100%        7
 Infestation              Necr           0%         N/A       100%        8
 Animate Dead             Necr           Unusable   N/A       N/A         4

Dungeon Overview and Level Annotations

Branches:
Dungeon (8/15)             Temple (1/1) D:4         Ossuary (visited)
   Lair: D:8-11

Altars:
Ashenzari
Cheibriados
Dithmenos
Fedhas
Gozag
Hepliaklqana
Kikubaaqudgha
Makhleb
Okawaru
Ru
Sif Muna
Trog
Uskayaw
Vehumet
Wu Jian
Xom
Yredelemnul

Annotations:
D:8 Psyche


Innate Abilities, Weirdness & Mutations

You have very sharp fingernails.
You are partially covered in icy blue scales. (AC +2)
You sometimes gain a little power by taking damage.
Spells you cast may paralyse adjacent enemies.
You have a pair of small antennae on your head.
You have a somewhat thin skeletal structure. (Dex +2, Stealth+)
You occasionally shout uncontrollably at your foes.


Message History

The stunning burst hits you!
You shrug off the repeated paralysis!
The air elemental fires a burst of electricity at you.
The stunning burst hits you!
You suddenly lose the ability to move!
You focus on the pain.
You feel agile all of a sudden. The air elemental hits you.
* * * LOW HITPOINT WARNING * * *
You can move again.
Okay, then.
You impale the air elemental!!
The air elemental is severely damaged.
The air elemental hits you!
* * * LOW HITPOINT WARNING * * *
You closely miss the air elemental.
The air elemental is severely damaged.
The air elemental hits you!
* * * LOW HITPOINT WARNING * * *
You feel better.
The air elemental fires a burst of electricity at you.
The stunning burst misses you.
The air elemental hits you but does no damage.
The air elemental hits you.
* * * LOW HITPOINT WARNING * * *
You barely miss the air elemental.
The air elemental is severely damaged.
The air elemental fires a burst of electricity at you.
The stunning burst hits you but does no damage.
You shrug off the repeated paralysis!
You feel better. The air elemental misses you.
The air elemental fires a burst of electricity at you.
The stunning burst misses you.
You puncture the air elemental!
You destroy the air elemental!
The smoke demon gestures at you. Something smites you!
* * * LOW HITPOINT WARNING * * *
The smoke demon gestures at you. The ball of steam hits you. You resist.
You die...
Your body rises from the dead as a mindless zombie.

#. ..#.. .## . #. ...
#. ## .#.... ..##.
####...
#..#...#....###....#..
## . .. ##..#...#.#.#
...#.# ##. #..3#.....#
.. .##.#.####..§#..#
.. ..#.....#...§.# .
...#.##.....##@#
...##..##..#..#.#..#
.. #.......#..#. .##
..##..#.....#.## .. ..
####. ..###. .#. ##..
...#... #. ..#. #
#.....#... #... .# #
#. .# ### .. ... # .
#....#### #


You could see a smoke demon.

Vanquished Creatures
  Gastronok (D:8)
  The ghost of Newt the Skirmisher, a novice KoHu of Qazlal (D:7)
  Pikel (D:7)
  A cyclops (D:8)
  Maurice (D:8)
  Sigmund (D:2)
  An air elemental (Abyss:2)
  2 water moccasins
  A black bear (D:6)
  An ice beast (D:6)
  3 orc warriors
  3 ogres
  4 phantoms
  3 kobold brigands
  3 lemures
  A bullfrog (D:6)
  A necrophage (D:6)
  3 scorpions
  6 wights
  A vampire bat (D:6)
  A howler monkey (D:6)
  6 hounds
  2 jellies
  5 orc priests
  Natasha (thrice) (D:2)
  An iguana (D:6)
  9 orc wizards
  3 mummies
  4 gnolls (D:4)
  8 adders
  A white imp (D:4)
  An ufetubus (D:6)
  4 worms
  3 dart slugs (D:1)
  37 orcs
  6 ball pythons
  10 bats
  6 endoplasms
  A giant cockroach (D:3)
  2 gnoll zombies (Ossuary)
  9 goblins
  2 hobgoblins
  20 kobolds
  2 frilled lizards (D:1)
  3 goblin zombies
  5 hobgoblin zombies
  6 orc zombies (Ossuary)
  2 rats
201 creatures vanquished.

Vanquished Creatures (collateral kills)
  A black bear (D:6)
  A necrophage (D:6)
  A wight (D:8)
  A vampire bat (D:6)
  An orc wizard (D:7)
  5 orcs
  2 bats (D:6)
  A kobold (D:8)
13 creatures vanquished.

Vanquished Creatures (others)
  A bullfrog zombie (D:6)
  A black bear zombie (D:6)
  2 scorpion zombies
  An ogre zombie (D:6)
  3 kobold zombies
  2 hound zombies (D:6)
  A bat zombie (D:6)
  15 orc zombies
  3 plants (D:2)
29 creatures vanquished.

Grand Total: 243 creatures vanquished

Notes
Turn   | Place    | Note
-------+----------+-------------------------------------------
     0 | D:1      | Newt the Demonspawn Gladiator began the quest for the Orb.
     0 | D:1      | Reached XP level 1. HP: 16/16 MP: 1/1
    89 | D:1      | Reached skill level 1 in Stealth
   141 | D:1      | Gained mutation: You are partially covered in icy blue
                  | scales. (AC +2) [demonic ancestry]
   141 | D:1      | Reached XP level 2. HP: 19/22 MP: 2/2
   569 | D:1      | Gained mutation: Spells you cast may paralyse adjacent
                  | enemies. [demonic ancestry]
   569 | D:1      | Reached XP level 3. HP: 27/27 MP: 3/3
   743 | D:2      | Found a faded altar of an unknown god.
   816 | D:2      | Noticed Sigmund
   834 | D:2      | HP: 2/40 [Sigmund/+0 scythe (6)]
   835 | D:2      | Killed Sigmund
   836 | D:2      | Reached XP level 4. HP: 3/37 MP: 4/4
   836 | D:2      | Reached XP level 5. HP: 3/42 MP: 5/5
  1205 | D:2      | Identified 3 scrolls of acquirement
  1205 | D:2      | Acquired 611 gold pieces
  1207 | D:2      | Acquired the +1 buckler of Muttered Phrases {Harm *Slow
                  | Slay+5}
  1214 | D:2      | Acquired a manual of Polearms
  1582 | D:2      | Noticed Natasha
  1589 | D:2      | HP: 1/42 [Natasha/magic dart (10)]
  1961 | D:2      | Killed Natasha
  1987 | D:2      | Noticed Natasha
  1998 | D:2      | Killed Natasha
  1999 | D:2      | Reached XP level 6. HP: 20/48 MP: 6/6
  2314 | D:2      | Noticed Natasha
  2321 | D:2      | Killed Natasha
  2506 | D:3      | Found an ornate altar of the Wu Jian Council.
  2553 | D:3      | Found a broken altar of Ashenzari.
  2612 | D:3      | Reached skill level 1 in Polearms
  2992 | D:4      | Reached skill level 2 in Polearms
  3174 | D:4      | Reached skill level 3 in Polearms
  3180 | D:4      | Reached skill level 4 in Polearms
  3369 | D:4      | Found a staircase to the Ecumenical Temple.
  3408 | Temple   | Entered the Ecumenical Temple
  3650 | Temple   | Became a worshipper of Yredelemnul the Dark
  3710 | D:4      | Found a hazy altar of Hepliaklqana.
  3712 | D:4      | Found a shadowy altar of Dithmenos.
  3714 | D:4      | Found an opulent altar of Gozag.
  3744 | D:4      | Reached skill level 5 in Polearms
  3744 | D:4      | Gained mutation: You have sharp fingernails. [demonic
                  | ancestry]
  3744 | D:4      | Reached XP level 7. HP: 52/54 MP: 7/7
  3752 | D:4      | Reached * piety under Yredelemnul
  4008 | D:4      | Reached ** piety under Yredelemnul
  4065 | D:5      | Entered Level 5 of the Dungeon
  4140 | D:5      | Reached skill level 6 in Polearms
  4140 | D:5      | Reached skill level 1 in Armour
  4865 | D:5      | Found a blossoming altar of Fedhas.
  4880 | D:5      | Reached skill level 1 in Shields
  4880 | D:5      | Gained mutation: You have very sharp fingernails. [demonic
                  | ancestry]
  4880 | D:5      | Reached XP level 8. HP: 56/60 MP: 8/8
  5306 | D:6      | Reached skill level 5 in Fighting
  5434 | D:6      | Reached *** piety under Yredelemnul
  5556 | D:6      | Reached skill level 7 in Polearms
  5691 | D:6      | Gained mutation: You sometimes gain a little power by
                  | taking damage. [demonic ancestry]
  5691 | D:6      | Reached XP level 9. HP: 69/69 MP: 9/9
  5811 | D:6      | Reached skill level 8 in Polearms
  6062 | D:7      | Gained mutation: You are frail. (-10% HP) [potion of
                  | mutation]
  6062 | D:7      | Gained mutation: You are resistant to electric shocks.
                  | (rElec) [potion of mutation]
  6063 | D:7      | Lost mutation: You are frail. (-10% HP) [potion of
                  | mutation]
  6063 | D:7      | Lost mutation: You are resistant to electric shocks.
                  | (rElec) [potion of mutation]
  6063 | D:7      | Gained mutation: You occasionally shout uncontrollably at
                  | your foes. [potion of mutation]
  6063 | D:7      | Gained mutation: You are dopey. (Int -2) [potion of
                  | mutation]
  6063 | D:7      | Gained mutation: You have a pair of small horns on your
                  | head. [potion of mutation]
  6146 | D:7      | Reached skill level 9 in Polearms
  6146 | D:7      | Reached skill level 1 in Evocations
  6175 | D:7      | Identified the +1 pair of gloves "Geilol" {Contam Harm
                  | Will+ Stlth+}
  6270 | D:7      | Found a runed translucent door.
  6270 | D:7      | Noticed Newt's ghost (novice KoHu)
  6304 | D:7      | Found a sand-covered staircase.
  6312 | Ossuary  | Entered an ossuary
  6492 | D:7      | Reached skill level 1 in Invocations
  6565 | D:7      | Lost mutation: You are dopey. (Int -2) [potion of mutation]
  6565 | D:7      | Lost mutation: You have a pair of small horns on your head.
                  | [potion of mutation]
  6565 | D:7      | Gained mutation: You have a pair of small antennae on your
                  | head. [potion of mutation]
  6565 | D:7      | Gained mutation: You have a somewhat thin skeletal
                  | structure. (Dex +2, Stealth+) [potion of mutation]
  6678 | D:7      | Found a shimmering altar of Xom.
  6946 | D:7      | Killed Newt's ghost
  6947 | D:7      | Reached skill level 5 in Invocations
  6980 | D:8      | Noticed Pikel
  7194 | D:7      | Reached skill level 10 in Polearms
  7250 | D:7      | Killed Pikel
  7251 | D:7      | Reached skill level 11 in Polearms
  7251 | D:7      | Reached XP level 10. HP: 76/76 MP: 13/13
  7359 | D:8      | Noticed a cyclops
  7373 | D:8      | Killed a cyclops
  7504 | D:8      | Noticed Gastronok
  7524 | D:8      | Identified the +1 leather armour of Fortification {rF++
                  | rCorr Str+4 Dex-4}
  7527 | D:8      | Killed Gastronok
  7528 | D:8      | Reached skill level 12 in Polearms
  7622 | D:8      | Reached skill level 13 in Polearms
  7751 | D:8      | Noticed Maurice
  7765 | D:8      | Killed Maurice
  7891 | D:8      | Noticed Psyche
  7914 | Abyss:2  | Cast into level 2 of the Abyss (Psyche)
  7948 | Abyss:2  | Noticed a large abomination
  7951 | Abyss:2  | Noticed a wretched star
  7953 | Abyss:2  | Noticed a wretched star
  7961 | Abyss:2  | Noticed a large abomination
  7994 | Abyss:2  | Noticed a wretched star
  7998 | Abyss:2  | Noticed a vampire mage
  8003 | Abyss:2  | Paralysed by an air elemental for 1 turns
  8005 | Abyss:2  | Paralysed by an air elemental for 1 turns
  8007 | Abyss:2  | Paralysed by an air elemental for 1 turns
  8018 | Abyss:2  | Noticed a smoke demon
  8020 | Abyss:2  | HP: 1/76 [smoke demon/divine providence (15)]
  8021 | Abyss:2  | Killed from afar by a smoke demon

Illustrated notes

Levels and vault maps discovered:
D:1:      roderic_chinese_lattice_arrival, layout_basic
D:2:      layout_loops_cross, chequers_ecumenical_altar_lobes, serial_rivers,
          chequers_serial_rivers_small_a, chequers_serial_rivers_large_a,
          chequers_serial_rivers_micro_a, chequers_serial_rivers_small_b,
          chequers_serial_rivers_room_b, chequers_serial_rivers_micro_c,
          uniq_natasha, uniq_sigmund
D:3:      layout_basic, mainiacjoe_overflow_concentric_impassable,
          nicolae_ashenzari_skybound, serial_bayou_pond_e,
          minmay_misc_feat_encased, minmay_misc_feat_nine_boxes
D:4:      layout_loops_ring, gammafunk_temple_overflow_forgotten,
          minmay_temple_entry_ruins
D:5:      layout_gridville, fedhas_ov_isle_minmay,
          mainiacjoe_overflow_boulevard, feat_on_display
D:6:      layout_basic, serial_park_tiny_2, roderic_batcave,
          minmay_misc_feat_four_crosses
D:7:      layout_cave_pools, mainiacjoe_overflow_alcove_4,
          nicolae_ossuary_entry_giza, ebering_ghost_reflecting_pool
D:8:      layout_basic, nicolae_elevator_lobby_plus, uniq_psyche, uniq_maurice,
          uniq_gastronok, uniq_pikel
Temple:   minmay_temple_bridge_abc
Abyss:2:  base: Temple, bh_abyss_exit_grid, bh_abyss_exit_grid,
          hangedman_abyss_or_decor_stagger, abyss_exit_lava,
          evilmike_abyss_exit_16

Skill      XL: |  1  2  3  4  5  6  7  8  9 10 |
---------------+-------------------------------+-----
Stealth        | 1 2 3 |  3.0
Fighting       | 4 6 |  6.0
Throwing       | 2 3 4 |  4.0
Polearms       | 5 6 7 11 13 | 13.4
Armour         | 4 |  4.0
Shields        | 1 4 |  4.0
Evocations     | 4 |  4.0
Invocations    | 5 |  5.0
Short Blades   | |  2.6
Dodging        | |  2.6

Action                   |  1- 3 |  4- 6 |  7- 9 | 10-12 || total
-------------------------+-------+-------+-------+-------++-------
Melee: Rapier            |    84 |    63 |       |       ||   147
       Punch             |     1 |       |       |       ||     1
       Spear             |       |    81 |   382 |   137 ||   600
       Headbutt          |       |       |     5 |       ||     5
       Unarmed           |       |       |       |     3 ||     3
Throw: Throwing net      |     3 |       |       |       ||     3
       Javelin           |     1 |       |       |       ||     1
Invok: Recall Undead Har |       |       |     2 |       ||     2
  Use: Potion            |     2 |       |     3 |     3 ||     8
       Scroll            |       |    11 |     4 |     3 ||    18
 Stab: Sleeping          |     1 |     5 |    11 |       ||    17
       Distracted        |       |       |     3 |     1 ||     4
Armor: Leather armour    |    27 |    47 |    72 |    21 ||   167
       Skin              |     1 |       |       |     1 ||     2
Dodge: Dodged            |    59 |    69 |   105 |    39 ||   272
Block: Buckler           |       |    18 |    54 |    10 ||    82

Table legend: (Time is in decaauts)
 A = Elapsed time spent in this place.
 B = Non-inter-level travel time spent in this place.
 C = Inter-level travel time spent in this place.
 D = Time resting spent in this place.
 E = Time spent auto-exploring this place.
 F = Levels seen in this place.
 G = Mean time per level.
                   A        B        C        D        E       F      G
               +--------+--------+--------+--------+--------+-----+--------+
         Total |   7923 |   7647 |    276 |   1126 |   4972 |  11 |  720.3 |
       Dungeon |   7443 |   7210 |    233 |   1126 |   4684 |   8 |  930.4 |
        Temple |    277 |    234 |     43 |      0 |    226 |   1 |  277.0 |
         Abyss |    105 |    105 |      0 |      0 |      0 |   1 |  105.0 |
       Ossuary |     97 |     97 |      0 |      0 |     62 |   1 |   97.0 |
               +--------+--------+--------+--------+--------+-----+--------+

Top non-repeatable levels by time:
     D:2: 1425 daAuts
     D:7: 1075 daAuts
     D:6: 981 daAuts
     D:1: 951 daAuts
     D:5: 950 daAuts
     D:4: 801 daAuts
     D:3: 657 daAuts
     D:8: 600 daAuts
  Temple: 277 daAuts
 Abyss:2: 105 daAuts
 Ossuary: 97 daAuts
